 Dungeon Crawl Stone Soup version 0.28-a0-1184-g53156a8862 (webtiles) character file.

Game seed: 6036831059562900805

200 siradein the Caller (level 6, 0/41 HPs)
             Began as a Human Summoner on Dec 17, 2021.
             Slain by a scorpion (6 damage)
             ... on level 4 of the Dungeon.
             The game lasted 00:14:54 (3906 turns).

siradein the Caller (Human Summoner)                Turns: 3906, Time: 00:14:55

Health: 0/41       AC:  6    Str:  8    XL:     6   Next: 6%
Magic:  4/11       EV: 11    Int: 18    God:
Gold:   127        SH:  0    Dex: 13    Spells: 5/11 levels left

rFire   . . .      SeeInvis .   g - +0 short sword
rCold   . . .      Faith    .   (no shield)
rNeg    . . .      Spirit   .   l - +0 troll leather armour {Pargi}
rPois   .          Reflect  .   m - +0 helmet
rElec   .          Harm     .   (no cloak)
rCorr   .          Rampage  .   (no gloves)
Will    .....                   b - +0 pair of boots
Stlth   ++........              (no amulet)
HPRegen 0.93/turn               (no ring)
MPRegen 0.12/turn               (no ring)

@: lethally poisoned (0 -> -1)
A: no striking features
a: no special abilities


You were on level 4 of the Dungeon.
You visited 1 branch of the dungeon, and saw 4 of its levels.

You collected 127 gold pieces.

Inventory:

Hand Weapons
 g - a +0 short sword (weapon)
Armour
 b - a +0 pair of boots (worn)
 l - a +0 troll leather armour (worn) {Pargi}
 m - a +0 helmet (worn)
Scrolls
 a - a scroll of immolation
 c - a scroll of vulnerability {unknown}
 h - a scroll of summoning {unknown}
 k - a scroll of acquirement {unknown}
 n - a scroll of fog {unknown}
 o - a scroll of torment {unknown}
Potions
 e - a potion of heal wounds
 f - 2 potions of curing
 i - a potion of attraction {unknown}
 j - 2 potions of invisibility {unknown}


   Skills:
 - Level 2.0 Dodging
 - Level 2.0 Stealth
 + Level 3.4 Spellcasting
 * Level 6.0 Summonings


You had 5 spell levels left.
You knew the following spells:

 Your Spells              Type           Power      Damage    Failure   Level
a - Summon Small Mammal   Summ           100%       N/A       1%          1
b - Call Imp              Summ           25%        N/A       2%          2
c - Call Canine Familiar  Summ           25%        N/A       5%          3

Your spell library contained the following spells:

 Spells                   Type           Power      Damage    Failure   Level
 Summon Guardian Golem    Hex/Summ       14%        N/A       21%         3
 Slow                     Hex            12%        N/A       22%         1
 Ensorcelled Hibernation  Hex/Ice        6%         N/A       34%         2
 Summon Ice Beast         Ice/Summ       14%        N/A       54%         4
 Summon Lightning Spire   Summ/Air       14%        N/A       54%         4
 Confusing Touch          Hex            3%         N/A       56%         3
 Frozen Ramparts          Ice            6%         1d2       56%         3
 Tukima's Dance           Hex            3%         N/A       56%         3
 Ice Form                 Ice/Tmut       3%         N/A       92%         4
 Yara's Violent Unravell  Hex/Tmut       1%         3d3       99%         5


Dungeon Overview and Level Annotations

Branches:
Dungeon (4/15)
 Temple: D:4-7

Altars:
Vehumet


Message History

The scorpion misses your crimson imp.
Your hound barely misses the scorpion.
Your crimson imp completely misses the scorpion.
Your hound bites the scorpion.
The scorpion stings your crimson imp.
A bullfrog skeleton comes into view.
You feel very sick.
Your hound bites the scorpion but does no damage.
Your crimson imp closely misses the scorpion.
The bullfrog skeleton moves out of view.
You hit the scorpion but do no damage.
The scorpion is heavily wounded.
You feel sick.
Your hound bites the scorpion but does no damage.
The scorpion closely misses your hound.
Your crimson imp hits the scorpion.
Your hound bites the scorpion.
You barely miss the scorpion.
The scorpion is severely wounded.
You feel sick. The scorpion stings you.
You are more poisoned.
The scorpion poisons you!
Your hound bites the scorpion.
Your crimson imp closely misses the scorpion.
The scorpion barely misses your hound.
You hit the scorpion but do no damage.
The scorpion is severely wounded.
You feel very sick.
Your hound closely misses the scorpion.
Your crimson imp blinks!
Your hound closely misses the scorpion.
The scorpion stings you.
Unknown command.
You feel very sick.
Your hound barely misses the scorpion.
You feel sick.
Your crimson imp blinks!
You closely miss the scorpion.
The scorpion is severely wounded.
You feel sick. The scorpion stings you!
* * * LOW HITPOINT WARNING * * *
Your hound bites the scorpion but does no damage.
The bullfrog skeleton hits you but does no damage.
The scorpion stings you.
You die...

## .# ....# #.#
≈≈≈.. ?.
≈≈≈≈.#####.# #
≈≈≈≈..##...###..
≈≈≈≈...(.......#
≈≈...........#
#..Z@....#
##...s....##
#....h.......
#...5#.....#.
#...###...###
#<...#.....#.
####...###...
##.## #.# ..#


You could see a scorpion (ally target), a bullfrog skeleton, a friendly hound
(summoned) and a friendly crimson imp (summoned).

Vanquished Creatures
  An adder (D:2)
  A worm (D:3)
  A dart slug (D:1)
  An orc (D:3)
  3 endoplasms
  4 giant cockroaches
  6 goblins
  3 hobgoblins (D:2)
  3 kobolds
  A quokka (D:1)
  6 ball pythons
  A bat (D:2)
  A frilled lizard (D:3)
  3 rats
35 creatures vanquished.

Vanquished Creatures (collateral kills)
  Pargi (D:2)
  3 adders
  5 bats
  2 endoplasms
  2 giant cockroaches (D:1)
  3 goblins
  A hobgoblin (D:2)
  2 quokkas
  3 ball pythons (D:1)
  A frilled lizard (D:2)
  A kobold (D:2)
24 creatures vanquished.

Grand Total: 59 creatures vanquished

Notes
Turn   | Place    | Note
-------+----------+-------------------------------------------
     0 | D:1      | siradein the Human Summoner began the quest for the Orb.
     0 | D:1      | Reached XP level 1. HP: 13/13 MP: 3/3
   183 | D:1      | Reached XP level 2. HP: 12/19 MP: 1/5
   438 | D:1      | Learned a level 2 spell: Call Imp
   930 | D:1      | Reached XP level 3. HP: 24/24 MP: 3/6
   934 | D:1      | Learned a level 3 spell: Call Canine Familiar
  1765 | D:2      | Reached XP level 4. HP: 30/30 MP: 7/7
  1863 | D:2      | Reached skill level 5 in Summonings
  2136 | D:2      | Found a faded altar of an unknown god.
  2540 | D:3      | Noticed Pargi
  3009 | D:2      | Killed Pargi
  3010 | D:2      | Reached XP level 5. HP: 35/35 MP: 0/9
  3096 | D:3      | Reached skill level 6 in Summonings
  3225 | D:3      | Found a radiant altar of Vehumet.
  3355 | D:3      | Reached XP level 6. HP: 40/41 MP: 8/11
  3906 | D:4      | Slain by a scorpion

Illustrated notes

Levels and vault maps discovered:
D:1:      mushboom_english_gardens, layout_loops_ring
D:2:      layout_loops_cross, chequers_ecumenical_altar_twisty,
          nrook_mini_backslash
D:3:      layout_basic, mainiacjoe_overflow_surrounded_room, grunt_ministairs_8,
          uniq_pargi
D:4:      layout_rooms, temple_pool_b, serial_shops, nicolae_lakefront_shop,
          kennysheep_another_room, minmay_strange_pillars

Skill      XL: |  1  2  3  4  5 |
---------------+----------------+-----
Summonings     | 5 6 |  6.0
Spellcasting   | 3 |  3.4
Dodging        | |  2.0
Stealth        | |  2.0

Action                   |  1- 3 |  4- 6 || total
-------------------------+-------+-------++-------
Melee: Unarmed           |    15 |       ||    15
       Dagger            |    42 |       ||    42
       Short sword       |    57 |   103 ||   160
 Cast: Summon Small Mamm |     9 |     2 ||    11
       Call Imp          |    11 |    22 ||    33
       Call Canine Famil |       |    13 ||    13
  Use: Scroll            |       |     3 ||     3
 Stab: Sleeping          |     3 |       ||     3
       Distracted        |       |     1 ||     1
Armor: Robe              |    40 |    11 ||    51
       Troll leather arm |       |    14 ||    14
Dodge: Dodged            |    93 |    97 ||   190

Table legend: (Time is in decaauts)
 A = Elapsed time spent in this place.
 B = Non-inter-level travel time spent in this place.
 C = Inter-level travel time spent in this place.
 D = Time resting spent in this place.
 E = Time spent auto-exploring this place.
 F = Levels seen in this place.
 G = Mean time per level.
                   A        B        C        D        E       F      G
               +--------+--------+--------+--------+--------+-----+--------+
         Total |   3921 |   3852 |     69 |     58 |   2685 |   4 |  980.2 |
       Dungeon |   3921 |   3852 |     69 |     58 |   2685 |   4 |  980.2 |
               +--------+--------+--------+--------+--------+-----+--------+

Top non-repeatable levels by time:
     D:2: 1710 daAuts
     D:1: 1330 daAuts
     D:3: 850 daAuts
     D:4: 29 daAuts
